nyob, lawful male human Samurai ----------- ------ ..........| ----------- |....| |.........|######-.........| #.....| |........<|# |...(.....| --------------- ###|....| |..........## |.........| |..............# # #.....| --------.--# -.--------- |..)..`.......|# # |....| ## |)............|# # ---.-- # ----)----------# # # ### # # # # # ### # # ### ---.------- # # # # # |.........| -----|----- ####### # # ### |.......... ..>.......| --|--------- ########### ##### ##..........| |.........| |.@........| #-----# ------.----# # |.........| # ..........| |.[m[]!!)%?| #.....# |..........### |..........###### |.........| |"?@d?]))([| |...| |{......>.|# |.........|########..........| ------------ |...| |.........| -----------# ----------- ----- ----------- nyob the Hatamoto Experience level: 2 Strength: 3 Dexterity: 18 Constitution: 18 Intelligence: 11 Wisdom: 7 Charisma: 7 Health: 0(27) Energy: 7(7) Def: 6 Gold: 344 Moves: 837 Dungeon seed: 7WvSRKyY_eNx1uuD Game ID: nyob_1522188188 Your Inventory: Coins $ - 344 gold pieces Weapons a - a +0 katana (weapon in hand) b - a +0 wakizashi c - a +0 yumi d - 38 +0 ya (in quiver) Armor e - an uncursed rustproof +0 splint mail (being worn) Comestibles g - an uncursed gunyoki Wands j - a wand of nothing (0:7) o - a wand of slow monster (0:7) Tools h - an uncursed pair of lenses Gems n - an uncursed worthless piece of green glass Spells and supernatural/magical abilities: Name Level Category Fail Memory W - pray for help -- divine ? -- Your skills at the end: Fighting Skills martial arts [Basic] Weapon Skills short sword [Basic] long sword [Basic] bow [Basic] Spellcasting Skills Final Attributes: You were piously aligned. You were held by a giant mimic. You were fast. You are dead. Vanquished creatures: 5 jackals a fox a goblin 3 sewer rats 3 grid bugs a lichen 4 kobold zombies 2 newts 20 creatures vanquished. Voluntary challenges: You followed a strict vegan diet. You used a wielded weapon 19 times, starting on turn 26. You read items or engraved 3 times, starting on turn 398. You never genocided any monsters. You never polymorphed an object. You never changed form. You used no wishes. You never split a pudding. You never wrote Elbereth's name. You never violated your personal moral code. Dungeon overview: The Dungeons of Doom: levels 1 to 3 Level 1 a long staircase Level 2 a general store, an altar to Susanowo Level 3 <- You were here a general store, a fountain a long staircase History has recorded: On T:1 you entered the Dungeons of Doom to retrieve the Amulet of Yendor! On T:279 you reached level 2 of The Dungeons of Doom. On T:525 you advanced to experience level 2. On T:653 you reached level 3 of The Dungeons of Doom. Score breakdown: Gold: 344 ( 8632 points) Experience: 2 levels ( 5570 points) Exploration: 3 levels ( 5.88%) ( 6000 points) Discoveries: 0 items ( 0.00%) ( 0 points) Valuables value: (no points given unless you survive) Artifact value: 0 ( 0 points) Variety of kills: 8 monsters ( 2.10%) ( 4347 points) Turncount: 837 turns ( 0 points) Survival: died (score multiplied by 80%) Total score: 19639 Latest messages: Stupid drops 10 darts. You drop an arrow. Stupid picks up an arrow. Stupid drops an arrow. You displace stupid. "Irasshaimase, nyob! Welcome to Akalapi's general store!" You see here 2 tripe rations (44 zorkmids). You see here a hexagonal amulet (225 zorkmids). Stupid eats a tripe ration. (2x) You see here a scroll labeled LEP GEX VEN ZEA (300 zorkmids). You stop. Stupid is in the way! You see here a slime mold (25 zorkmids). Wait! That's a giant mimic! You hit the giant mimic. The giant mimic hits! (2x) You hit the giant mimic! You hit the giant mimic. (2x) You miss the giant mimic. The giant mimic hits! You die... Akalapi gratefully inherits all your possessions. Final status: Sayonara nyob the Samurai, killed by a giant mimic... You died in The Dungeons of Doom on dungeon level 3 with 19639 points, and 344 pieces of gold, after 837 moves. You were level 2 with a maximum of 27 hit points when you died.